 Dungeon Crawl Stone Soup version 0.17.1-3-g152610e (webtiles) character file.

344 Kiel97 the Gusty (level 6, -7/55 HPs)
             Began as a Naga Air Elementalist on Apr 21, 2016.
             Killed from afar by Kiel97's ghost (18 damage)
             ... with a stone arrow
             ... on level 4 of the Dungeon on Apr 23, 2016.
             The game lasted 00:15:09 (5481 turns).

Kiel97 the Gusty (Naga Air Elementalist)            Turns: 5481, Time: 00:15:10

Health: -7/55      AC:  4    Str: 10    XL:     6   Next: 58%
Magic:  3/10       EV: 10    Int: 18    God:
Gold:   211        SH:  0    Dex: 11    Spells: 3 memorised, 4 levels left

rFire  . . .     SeeInvis +     a - +1 whip (venom)
rCold  . . .     Clarity  .     g - +0 robe
rNeg   . . .     SustAt   .     (no shield)
rPois  +         Gourm    .     (no helmet)
rElec  .         Spirit   .     i - +0 cloak
rCorr  .         Warding  .     (no gloves)
rMut   .         Stasis   .     (no barding)
MR     .....                    (no amulet)
Stlth  ++........               (no ring)
                                (no ring)

@: about to teleport, very slow, not resistant to hostile enchantments,
unstealthy
A: see invisible, deformed body, poison resistance, slowness 2, slow metabolism
1, spit poison 2, AC +2
a: Spit Poison


You were on level 4 of the Dungeon.
You were not hungry.

You visited 1 branch of the dungeon, and saw 4 of its levels.
You also visited: Sewer.

You collected 211 gold pieces.

Inventory:

Hand Weapons
 a - a +1 whip of venom (weapon)
Armour
 g - a +0 robe (worn)
 i - a +0 cloak (worn)
Wands
 o - a wand of cold (3)
Scrolls
 f - a scroll of amnesia {unknown}
 h - 2 scrolls of identify
 j - 2 scrolls of remove curse
Potions
 d - a potion of cancellation
 e - a potion of curing
 q - 2 potions of cure mutation
 r - 2 potions of haste
Books
 b - a book of Air

   Spells                             Type                      Level
   a - Shock                          Conjuration/Air              1
   b - Swiftness                      Charms/Air                   2
   c - Repel Missiles                 Charms/Air                   2
   d - Static Discharge               Conjuration/Air              3
   e - Lightning Bolt                 Conjuration/Air              5
Comestibles
 c - 5 bread rations
 k - 2 slices of pizza
 m - a beef jerky


   Skills:
 + Level 2.4 Fighting
 - Level 1.5 Dodging
 - Level 3.0 Stealth
 + Level 2.7 Spellcasting
 * Level 3.4 Conjurations
 * Level 5.1 Air Magic


You had 4 spell levels left.
You knew the following spells:

 Your Spells              Type           Power        Failure   Level  Hunger
a - Shock                 Conj/Air       ###.         3%          1    None
b - Static Discharge      Conj/Air       ###.....     12%         3    ###....
R - Repel Missiles        Chrm/Air       ##....       12%         2    ##.....


Dungeon Overview and Level Annotations

Branches:
Dungeon (4/15)
 Temple: D:4-7

Altars:

Annotations:
D:3 et2088's ghost, amateur DrTm
D:4 Kiel97's ghost, novice DEEE


Innate Abilities, Weirdness & Mutations

You cannot wear boots.
Your serpentine skin is tough (AC +2).
You have supernaturally acute eyesight.
Armour fits poorly on your strangely shaped body.
Your system is resistant to poisons.
You cover ground very slowly.
You have a slow metabolism.
You can spit poison.


Message History

The rocky blast hits you!
* * * LOW HITPOINT WARNING * * *
Casting: Shock
Confirm with . or Enter, or press ? or * to list all spells.
Aiming: Shock
Press: ? - help, Shift-Dir - straight line The zap hits Kiel97's ghost.
Kiel97's ghost is heavily damaged.
Kiel97's ghost casts a spell at you. The rocky blast hits you!
* * * LOW HITPOINT WARNING * * *
Casting: Shock
Confirm with . or Enter, or press ? or * to list all spells.
Aiming: Shock
Press: ? - help, Shift-Dir - straight line The zap hits Kiel97's ghost.
Kiel97's ghost is heavily damaged.
Kiel97's ghost gestures at you while chanting.
The stone arrow hits you!
You die...

........#..###..##.####....)###.
....#.....## ##....####.....####
........(..# #.......#..........
#....l........###..)............
##...........## ##).............
#.........### ##............##
...#.......# ##...........####
..##..#....# ##..#.........#
>.###...####@.###....(..##
#...##.W### #...###..#
..##......## #..## ##.####
.......).## #...# ##.....
##.....## #...####..####
###....# # ..##....#
#.###...............## ..#
.........####...# # ##. #..####W
#...###


You could see Kiel97's ghost.

Vanquished Creatures
  An orc priest (D:4)
  Jessica (D:3)
  3 orc wizards (D:4)
  2 worker ants (D:4)
  6 adders
  A hound skeleton (D:4)
  A river rat (D:4)
  A shadow imp (D:4)
  An ooze (D:1)
  3 worms (D:4)
  3 giant geckos
  5 orcs (D:4)
  2 ball pythons
  6 bats
  9 giant cockroaches
  4 hobgoblins
  2 jackals (D:3)
  2 giant newts
  9 goblins
  5 kobolds
  13 rats
80 creatures vanquished.

Notes
Turn   | Place    | Note
--------------------------------------------------------------
     0 | D:1      | Kiel97 the Naga Air Elementalist began the quest for the Orb.
     0 | D:1      | Reached XP level 1. HP: 15/15 MP: 3/3
   635 | D:1      | Reached XP level 2. HP: 22/22 MP: 3/5
   645 | D:1      | Learned a level 2 spell: Repel Missiles
  1444 | D:1      | Reached skill level 1 in Fighting
  1646 | D:2      | Reached XP level 3. HP: 31/31 MP: 3/6
  1759 | D:2      | Learned a level 3 spell: Static Discharge
  1820 | D:2      | HP: 1/31 [poisoned by an adder]
  2318 | D:2      | Reached skill level 4 in Air Magic
  2327 | D:2      | Reached XP level 4. HP: 28/38 MP: 1/7
  3103 | D:3      | Noticed et2088's ghost (amateur DrTm)
  3124 | D:3      | HP: 1/38 [et2088's ghost (10)]
  3730 | D:3      | Noticed Jessica
  3947 | D:3      | Killed Jessica
  3947 | D:3      | Reached XP level 5. HP: 32/45 MP: 8/8
  4341 | D:4      | Noticed Kiel97's ghost (novice DEEE)
  4635 | D:4      | Found a glowing drain.
  4693 | Sewer    | Entered a sewer
  4709 | D:4      | Reached XP level 6. HP: 16/52 MP: 3/9
  5157 | D:4      | Reached skill level 5 in Air Magic
  5481 | D:4      | Killed from afar by Kiel97's ghost

Action                   |  1- 3 |  4- 6 || total
-------------------------+-------+-------++-------
Melee: Club              |    62 |       ||    62
       Whip              |       |    19 ||    19
       Spear             |       |     2 ||     2
 Cast: Shock             |    62 |   117 ||   179
       Repel Missiles    |     1 |       ||     1
 Abil: Spit Poison       |     6 |    12 ||    18
  Use: Scroll            |     3 |     4 ||     7
       Potion            |     3 |     6 ||     9
 Stab: Sleeping          |       |     2 ||     2
  Eat: Chunk             |     5 |     9 ||    14
